 Dungeon Crawl Stone Soup version 0.32-a0-834-geaf45d8e21 (webtiles) character file.

Game seed: 10337856357222571891

8 AstroCodex24 the Trooper (level 2, 0/23 HPs)
             Began as a Vampire Fighter on Mar 26, 2024.
             Slain by a gnoll
             ... wielding a +0 club
              (1 damage)
             ... on level 3 of the Dungeon.
             The game lasted 00:01:00 (295 turns).

AstroCodex24 the Trooper (Vampire Fighter)           Turns: 295, Time: 00:01:00

Health: 0/23       AC:  6    Str: 15    XL:     2   Next: 0%
Magic:  2/2        EV:  7    Int: 10    God:
Gold:   27         SH:  4    Dex: 13    Spells: 1/1 levels left

rFire   . . .        a - +0 war axe
rCold   . . .        c - +0 buckler
rNeg    . . .        b - +0 scale mail
rPois   .            (no helmet)
rElec   .            (no cloak)
rCorr   .            (no gloves)
SInv    +            (no boots)
Will    .....        (no amulet) Stlth
                     (no ring)
HPRegen 0.43/turn    (no ring)
MPRegen 0.08/turn

%: no passive effects
@: healing quickly
A: alive, fangs 3, see invisible, vampiric 1
a: Exsanguinate


You were on level 3 of the Dungeon.
You visited 1 branch of the dungeon, and saw 3 of its levels.

You collected 27 gold pieces.

Inventory:

Hand Weapons
 a - a +0 war axe (weapon)
Armour
 b - a +0 scale mail (worn)
 c - a +0 buckler (worn)
Scrolls
 g - a scroll of enchant weapon {unknown}
 h - a scroll of identify {unknown}
Potions
 d - 2 potions of might
 e - a potion of curing {unknown}
 f - a potion of haste {unknown}


   Skills:
 + Level 2.9 Fighting
 + Level 1.8 Axes
 + Level 2.6 Armour
 + Level 2.8 Shields


You had one spell level left.
You didn't know any spells.
Your spell library was empty.

Dungeon Overview and Level Annotations

Branches:
Dungeon (3/15)

Altars:


Innate Abilities, Weirdness & Mutations

Your natural rate of healing is accelerated.
You have razor-sharp teeth.
You have supernaturally acute eyesight. (SInv)
You are afflicted with vampirism.


Message History

Found a scroll labelled VUNNITEGYX.
You see here a rat corpse.
Found a scroll labelled YRAWER NILEEM.
An endoplasm comes into view.
There is a shaft here.
Found 15 gold pieces.
There is a shaft here.
Found 8 stones.
The endoplasm quivers.
You see here a scroll labelled YRAWER NILEEM.
g - a scroll labelled YRAWER NILEEM You completely miss the endoplasm.
The endoplasm hits you. x2
You slash the endoplasm!
You kill the endoplasm!
You have reached level 2!
You now have 27 gold pieces (gained 15).
Found a stone staircase leading up and a stone staircase leading down.
h - a scroll labelled VUNNITEGYX
There is a stone staircase leading up here.
There is a stone staircase leading down here.
You climb downwards.
The gnoll shouts! x2
There is a stone staircase leading up here.
A gnoll comes into view. It is wielding a +0 club.
The gnoll shouts!
The gnoll hits you but does no damage.
You closely miss the gnoll. x2; The gnoll barely misses you.
The gnoll hits you with a +0 club. The gnoll hits you but does no damage.
You slash the gnoll!
The gnoll is severely wounded.
You hit the gnoll.
The gnoll hits you from afar with a +0 halberd!
The gnoll hits you with a +0 club!
* * * LOW HITPOINT WARNING * * *
The gnoll hits you but does no damage. The gnoll hits you with a +0 club.
* * * LOW HITPOINT WARNING * * *
There is a stone staircase leading up here.
The gnoll hits you with a +0 club.
You die...

### #.. .
#.# .. #.#
... #.#
.#.# #.#
##.....
#.##.......
#.gg....#
#@g###..#
##...# #
###.# .# #


You could see 3 gnolls.

Vanquished Creatures
  A ball python (D:1)
  2 endoplasms
  A giant cockroach (D:1)
  A quokka (D:1)
  2 rats (D:2)
7 creatures vanquished.

Notes
Turn   | Place    | Note
-------+----------+-------------------------------------------
     0 | D:1      | AstroCodex24 the Vampire Fighter began the quest for the
                  | Orb.
     0 | D:1      | Reached XP level 1. HP: 17/17 MP: 1/1
   243 | D:2      | Reached XP level 2. HP: 18/23 MP: 2/2
   294 | D:3      | HP: 1/23 [gnoll/+0 club (4)]
   295 | D:3      | Slain by a gnoll

Illustrated notes

Levels and vault maps discovered:
D:1:      saegor_arrival_fortress, layout_basic, hex_intersection
D:2:      layout_loops_ring, kennysheep_generic_room_8
D:3:      layout_basic, minivault_27, minmay_liquid_box

Action                     || total
---------------------------++-------
  Melee: War axe           ||    17
 Armour: Scale mail        ||    18
  Dodge: Dodged            ||     6
  Block: Buckler           ||     4

Table legend: (Time is in decaauts)
 A = Elapsed time spent in this place.
 B = Non-inter-level travel time spent in this place.
 C = Inter-level travel time spent in this place.
 D = Time resting spent in this place.
 E = Time spent auto-exploring this place.
 F = Levels seen in this place.
 G = Mean time per level.
                   A        B        C        D        E       F      G
               +--------+--------+--------+--------+--------+-----+--------+
         Total |    302 |    292 |     10 |      0 |      0 |   3 |  100.7 |
       Dungeon |    302 |    292 |     10 |      0 |      0 |   3 |  100.7 |
               +--------+--------+--------+--------+--------+-----+--------+

Top non-repeatable levels by time:
     D:1: 207 daAuts
     D:2: 85 daAuts
     D:3: 9 daAuts
